 Dungeon Crawl Stone Soup version 0.24-a0-250-g6074511 (webtiles) character file.

Game seed: 13162875110601466634

27 Borgoz the Cutter (level 3, 0/22 HPs)
             Began as a Kobold Gladiator on Apr 14, 2019.
             Slain by an adder (1 damage)
             ... on level 2 of the Dungeon.
             The game lasted 00:01:42 (1659 turns).

Borgoz the Cutter (Kobold Gladiator)                Turns: 1659, Time: 00:01:43

Health: 0/22       AC:  4    Str: 12    XL:     3   Next: 25%
Magic:  3/3        EV: 16    Int:  9    God:
Gold:   53         SH:  0    Dex: 16    Spells: 2/2 levels left

rFire    . . .     SeeInvis .   a - +0 rapier
rCold    . . .     Gourm    .   (shield restricted)
rNeg     . . .     Faith    .   b - +0 leather armour
rPois    .         Spirit   .   c - +0 helmet
rElec    .         Reflect  .   (no cloak)
rCorr    .         Harm     .   (no gloves)
MR       .....                  (no boots)
Stlth    +.........             (no amulet)
HPRegen  0.07/turn              (no ring)
MPRegen  0.08/turn              (no ring)

@: lethally poisoned (0 -> -13)
A: small, carnivore
a: no special abilities


You were on level 2 of the Dungeon.
You were full.

You visited 1 branch of the dungeon, and saw 2 of its levels.

You collected 53 gold pieces.

Inventory:

Hand Weapons
 a - a +0 rapier (weapon)
Missiles
 d - 3 throwing nets (quivered)
Armour
 b - a +0 leather armour (worn)
 c - a +0 helmet (worn)
Scrolls
 g - a scroll of magic mapping {unknown}
 h - 3 scrolls of remove curse {unknown}
Comestibles
 f - 4 rations


   Skills:
 + Level 2.7 Fighting
 + Level 4.4 Short Blades
 - Level 2.1 Throwing
 + Level 0.8 Armour
 + Level 4.0 Dodging


You had 2 spell levels left.
You didn't know any spells.
Your spell library was empty.

Dungeon Overview and Level Annotations

Branches:
Dungeon (2/15)

Altars:


Innate Abilities, Weirdness & Mutations

You are small and have problems with some larger weapons.
You are carnivorous and can eat meat at any time.


Message History

The adder poisons you! The giant cockroach bites you.
* * * LOW HITPOINT WARNING * * *
The adder closely misses you.
* * * LOW HITPOINT WARNING * * *
You feel sick. The adder bites you.
* * * LOW HITPOINT WARNING * * *
The giant cockroach misses you.
You barely miss the adder.
The adder is moderately wounded.
* * * LOW HITPOINT WARNING * * *
You feel sick. The adder closely misses you. The giant cockroach misses you.
You hit the adder.
The adder is severely wounded.
* * * LOW HITPOINT WARNING * * *
You feel sick. The adder misses you.
The giant cockroach bites you but does no damage.
You closely miss the adder.
The adder is severely wounded.
The adder bites you.
You die...

........#
........#
.#......#
.[......##
...#.....###
..........
#....# #..s@#
#.....S....#
...##.......#
....#..
...###.#..#
....#....##.
...... ......
# #. ##.....
# ...S# .
###.. . ...S#
# #. . ....#


You could see an adder and a giant cockroach.

Vanquished Creatures
  A leopard gecko (D:1)
  A ball python (D:1)
  5 bats (D:1)
  4 goblins
  4 hobgoblins
  A kobold (D:1)
  2 frilled lizards (D:1)
  6 rats (D:1)
24 creatures vanquished.

Notes
Turn   | Place    | Note
-------+----------+-------------------------------------------
     0 | D:1      | Borgoz the Kobold Gladiator began the quest for the Orb.
     0 | D:1      | Reached XP level 1. HP: 12/12 MP: 1/1
   229 | D:1      | Reached XP level 2. HP: 14/18 MP: 2/2
   698 | D:1      | Reached XP level 3. HP: 11/22 MP: 3/3
  1187 | D:1      | HP: 1/22 [poisoned by an adder]
  1658 | D:2      | HP: 1/22 [poisoned by an adder]
  1659 | D:2      | Slain by an adder

Levels and vault maps discovered:
D:1:      nagdon_arrival_zigzag_paths, layout_basic, nrook_campfire,
          kennysheep_boxes
D:2:      layout_rooms

Skill      XL: |  1  2 |
---------------+-------+-----
Dodging        | 4 |  4.0
Fighting       | |  2.7
Short Blades   | |  4.4
Throwing       | |  2.1
Armour         | |  0.8

Action                   || total
-------------------------++-------
Melee: Rapier            ||    96
  Use: Scroll            ||     1
  Eat: Chunk             ||     8
Armor: Leather armour    ||    24
Dodge: Dodged            ||   130

Table legend:
 A = Non-vault XP
 B = Vault XP
 C = Vault XP percentage of total XP
 D = Non-vault monster count
 E = Vault monster count
 F = Vault count percentage of total count
                 A         B        C        D         E       F
            +---------+---------+-------+---------+---------+-------
      Total |      39 |       0 |   0.0 |      24 |       0 |   0.0
            +---------+---------+-------+---------+---------+-------
        D:1 |      35 |       0 |   0.0 |      22 |       0 |   0.0
        D:2 |       4 |       0 |   0.0 |       2 |       0 |   0.0
            +---------+---------+-------+---------+---------+-------
